 Dungeon Crawl Stone Soup version 0.30.1-9-gdf580d7c3d (webtiles) character file.

Game seed: 13494977152713008472

243 ringo67 the Chiller (level 5, -5/39 HPs)
             Began as a Vampire Ice Elementalist on Oct 7, 2023.
             Slain by a nameless horror (10 damage)
             ... created by miscasting Summon Ice Beast
             ... on level 3 of the Dungeon.
             The game lasted 00:11:01 (3223 turns).

ringo67 the Chiller (Vampire Ice Elementalist)      Turns: 3223, Time: 00:11:02

Health: -5/39      AC:  9    Str:  7    XL:     5   Next: 82%
Magic:  2/19       EV: 12    Int: 20    God:
Gold:   146        SH:  0    Dex: 14    Spells: 3/11 levels left

rFire   . . .        u - +0 falchion (protect)
rCold   . . .        (no shield)
rNeg    . . .        a - +0 robe
rPois   .            (no helmet)
rElec   .            (no cloak)
rCorr   .            (no gloves)
SInv    +            (no boots)
Will    .....        (no amulet)
Stlth   ++           n - ring of magical power
HPRegen 0.46/turn    (no ring)
MPRegen 0.16/turn

%: no passive effects
@: under a protective aura, healing quickly
A: alive, fangs 3, see invisible, vampiric 2
a: Exsanguinate


You were on level 3 of the Dungeon.
You visited 1 branch of the dungeon, and saw 4 of its levels.

You collected 146 gold pieces.

Inventory:

Hand Weapons
 g - a +0 dagger
 u - a +0 falchion of protection (weapon)
Missiles
 q - 3 curare-tipped darts
Armour
 a - a +0 robe (worn)
Jewellery
 m - a ring of fire
 n - a ring of magical power (left hand)
 x - a ring of fire
Wands
 t - a wand of flame (23)
Scrolls
 k - 4 scrolls of identify
 l - a scroll of enchant weapon {unknown}
 o - a scroll of teleportation {unknown}
 s - a scroll of noise
 w - a scroll of amnesia {unknown}
 y - a scroll of enchant armour {unknown}
 B - a scroll of fear {unknown}
Potions
 b - a potion of magic
 c - 5 potions of attraction {unknown}
 d - 3 potions of mutation {unknown}
 f - 2 potions of invisibility {unknown}
 h - a potion of lignification {unknown}
 i - a potion of brilliance {unknown}
 j - 2 potions of cancellation {unknown}
 p - a potion of haste {unknown}
 r - 5 potions of curing {unknown}
 v - a potion of degeneration {unknown}
 z - a potion of resistance {unknown}
 A - a potion of might {unknown}


   Skills:
 + Level 2.6 Fighting
 - Level 2.1 Dodging
 - Level 3.0 Stealth
 + Level 3.5 Spellcasting
 + Level 1.2 Summonings
 + Level 5.1 Ice Magic


You had 3 spell levels left.
You knew the following spells:

 Your Spells              Type           Power      Damage    Failure   Level
a - Freeze                Ice            96%        1d10      1%          1
b - Frozen Ramparts       Ice            48%        1d8       4%          3
c - Summon Ice Beast      Ice/Summ       16%        N/A       34%         4

Your spell library contained the following spells:

 Spells                   Type           Power      Damage    Failure   Level
 Ozocubu's Armour         Ice            24%        N/A       4%          3
 Call Imp                 Summ           16%        N/A       12%         2
 Magic Dart               Conj           12%        1d3       14%         1
 Blink                    Tloc           6%         N/A       21%         2
 Lesser Beckoning         Tloc           6%         N/A       21%         2
 Momentum Strike          Conj/Tloc      6%         3d8       21%         2
 Mephitic Cloud           Conj/Pois/Air  3%         N/A       38%         3


Dungeon Overview and Level Annotations

Branches:
Dungeon (4/15)
 Temple: D:4-7

Altars:
Hepliaklqana
Makhleb

Shops:
D:2 (


Innate Abilities, Weirdness & Mutations

Your natural rate of healing is accelerated.
You have razor-sharp teeth.
You have supernaturally acute eyesight. (SInv)
You are afflicted with vampirism and can become a bat while bloodless.


Message History

The ball python bites you. The ball python grabs you.
You stop ascending the stairs.
The ball python constricts you.
You escape the ball python's grasp.
The ball python bites you but does no damage.
The ball python grabs you.
You stop ascending the stairs.
The ball python constricts you.
You hit the ball python.
You kill the ball python!
The nameless horror hits you.
You feel your power leaking away.
You climb upwards.
There is a stone staircase leading down here.
The nameless horror attacks as you move away!
The nameless horror hits you!
You feel your power leaking away.
Casting: Summon Ice Beast (extremely dangerous; 34% risk of failure)
Confirm with . or Enter, or press ? or * to list all spells.
You don't have enough magic to cast this spell.
Aiming: Throw Flame
Press: ? - help, Shift-Dir - straight line, f - nameless horror
Aim: a nameless horror (durably summoned, 100% to hit)
The puff of flame hits the nameless horror.
The nameless horror is lightly damaged.
The nameless horror barely misses you.
As you read the scroll labelled ZOQOHE SEHOASCH, it crumbles to dust.
It is a scroll of identify.
s - a scroll of noise The nameless horror misses you.
As you read the scroll labelled SELATHR YRUWI, it crumbles to dust.
It is a scroll of brand weapon.
Your +0 falchion projects an invisible shield of force!
u - a +0 falchion of protection (weapon)
The nameless horror hits you!
* * * LOW HITPOINT WARNING * * *
You feel your power leaking away.
You hit the nameless horror but do no damage.
Your weapon exudes an aura of protection.
The nameless horror is lightly damaged.
The nameless horror hits you!
You die...

#.....#######...........
#.....#...# #.##########
#.....#._.# #.# #
#######...###'## ####
##§###...## #... ###
#§##.....## #.##
##.####§#.......## #.#.
##...##§§§........###...
#.....X@'.........'.....
##..>##.#.........###...
##.###.##.......## #...
#......###.....## #...
#.###### ##...## #.##
#.# ##'## #... #.# #.#
#### #.# #.# #.# ##.##


You could see a nameless horror.

Vanquished Creatures
  An orc wizard (D:3)
  6 adders
  A dart slug (D:1)
  5 orcs (D:3)
  5 endoplasms
  2 giant cockroaches
  5 goblins
  5 hobgoblins
  6 jackals
  3 quokkas
  8 ball pythons
  5 bats
  5 frilled lizards
  12 kobolds
  9 rats
78 creatures vanquished.

Vanquished Creatures (collateral kills)
  An ogre (D:4)
1 creature vanquished.

Grand Total: 79 creatures vanquished

Notes
Turn   | Place    | Note
-------+----------+-------------------------------------------
     0 | D:1      | ringo67 the Vampire Ice Elementalist began the quest for
                  | the Orb.
     0 | D:1      | Reached XP level 1. HP: 13/13 MP: 3/3
   247 | D:1      | Reached XP level 2. HP: 20/20 MP: 0/5
   483 | D:1      | Reached skill level 1 in Fighting
  1005 | D:2      | Gained mutation: You are afflicted with vampirism and can
                  | become a bat while bloodless. [Vampire growth]
  1005 | D:2      | Reached XP level 3. HP: 23/26 MP: 6/6
  1376 | D:2      | Found Waeh's Antique Weapon Boutique.
  1637 | D:2      | Found a faded altar of an unknown god.
  1840 | D:2      | Learned a level 3 spell: Frozen Ramparts
  1848 | D:3      | Reached XP level 4. HP: 26/33 MP: 8/8
  2334 | D:3      | Found a burning altar of Makhleb.
  2628 | D:3      | Found a hazy altar of Hepliaklqana.
  2736 | D:3      | Noticed an angel
  2851 | D:4      | Learned a level 4 spell: Summon Ice Beast
  2855 | D:4      | Reached XP level 5. HP: 38/38 MP: 9/9
  2865 | D:4      | Noticed an ogre
  2927 | D:4      | Noticed a nameless horror
  3053 | D:4      | Killed an ogre
  3054 | D:4      | Reached skill level 1 in Summonings
  3054 | D:4      | Reached skill level 5 in Ice Magic
  3178 | D:4      | Noticed a nameless horror
  3223 | D:3      | Slain by a nameless horror

Illustrated notes

Levels and vault maps discovered:
D:1:      psy_arrival_heroes, layout_rooms, minmay_unequal
D:2:      layout_loops_ring, serial_shops, nicolae_shop_real_fake_doors,
          shapermc_ecumenical_altar_mp_vishouse
D:3:      layout_loops_corners, nzn_hepliaklqana_mist_gate, zin_angel,
          mainiacjoe_overflow_divided_tiny, moated_statue,
          kennysheep_another_room, lexackson_kobold_supper
D:4:      layout_cave_pools

Skill      XL: |  1  2  3  4  5 |
---------------+----------------+-----
Fighting       | 1 2 |  2.6
Spellcasting   | 3 |  3.5
Summonings     | 1 |  1.2
Ice Magic      | 5 |  5.1
Dodging        | |  2.1
Stealth        | |  3.0

Action                     |  1- 3 |  4- 6 || total
---------------------------+-------+-------++-------
  Melee: Unarmed           |    22 |       ||    22
         Bite              |     8 |     7 ||    15
         Dagger            |    32 |       ||    32
         Falchion          |     5 |    51 ||    56
         Punch             |     1 |       ||     1
   Cast: Freeze            |    41 |     1 ||    42
         Frozen Ramparts   |     1 |     8 ||     9
         Summon Ice Beast  |       |     2 ||     2
  Evoke: Wand              |       |     1 ||     1
    Use: Scroll            |       |     2 ||     2
   Stab: Sleeping          |     6 |     4 ||    10
 Armour: Robe              |    24 |    11 ||    35
  Dodge: Dodged            |    69 |    57 ||   126
